 Dungeon Crawl Stone Soup version 0.22.1-2-g9c5b331383 (webtiles) character file.

16494 walar the Grappler (level 12, 0/124 HPs)
             Began as a Troll Monk on Dec 28, 2018.
             Was a High Priest of Makhleb.
             Slain by a nine-headed hydra (12 damage)
             ... on level 3 of the Lair of Beasts.
             The game lasted 00:52:31 (10483 turns).

walar the Grappler (Troll Monk)                    Turns: 10483, Time: 00:52:31

Health: 0/124      AC:  8    Str: 28    XL:     12   Next: 10%
Magic:  11/11      EV: 13    Int:  6    God:    Makhleb [*****.]
Gold:   480        SH: 10    Dex: 18    Spells: 11/11 levels left

rFire    + . .     SeeInvis +     - Unarmed
rCold    + . .     Gourm    +   I - +0 shield
rNeg     . . .     Faith    .   C - +1 robe {rC+ rF+}
rPois    .         Spirit   .   l - +1 hat
rElec    .         Reflect  .   w - +0 cloak
rCorr    .         Harm     .   (gloves unavailable)
MR       .....                  (boots unavailable)
Stlth    +++.......             h - amulet of regeneration
HPRegen  1.10/turn              u - +6 ring of dexterity
MPRegen  0.12/turn              A - ring of see invisible

@: no status effects
A: large, unfitting armour, claws 3, fast metabolism 3, gourmand, regeneration
1, robust 1, shaggy fur 1, strong 1, tough skin 2
a: Minor Destruction, Lesser Servant of Makhleb, Major Destruction, Greater
Servant of Makhleb, Renounce Religion


You were on level 3 of the Lair of Beasts.
You worshipped Makhleb.
Makhleb was extremely pleased with you.
You were very full.

You visited 3 branches of the dungeon, and saw 14 of its levels.

You collected 906 gold pieces.
You spent 426 gold pieces at shops.

Inventory:

Hand Weapons
 t - the +6 dagger "Porphisiqo" {pierce, MR+}
   (You found it on level 4 of the Dungeon)

   It inflicts extra damage upon your enemies.
   It affects your resistance to hostile enchantments.
 y - a +4 dire flail of draining
Missiles
 z - 4 throwing nets (quivered)
Armour
 l - a +1 hat (worn)
 w - a +0 cloak (worn)
 C - a +1 robe of resistance (worn)
 I - a +0 shield (worn)
Jewellery
 a - an uncursed ring of protection from magic {unknown}
 g - an uncursed amulet of harm
 h - an amulet of regeneration (around neck)
 u - a +6 ring of dexterity (left claw)
 A - a ring of see invisible (right claw)
 K - an uncursed ring of wizardry {unknown}
 L - a +4 ring of evasion {unknown}
 P - an uncursed ring of ice {unknown}
Wands
 c - a wand of iceblast (6)
 e - a wand of clouds (11)
 j - a wand of scattershot (11)
 B - a wand of paralysis (12)
 D - a wand of polymorph (9)
 F - a wand of acid (24)
 G - a wand of enslavement (14)
 H - a wand of random effects (36)
Scrolls
 f - 10 scrolls of identify
 i - 2 scrolls of magic mapping
 m - 7 scrolls of teleportation
 r - 3 scrolls of remove curse
 x - 4 scrolls of fear
 J - 2 scrolls of amnesia
 M - a scroll of enchant armour
 R - a scroll of enchant weapon
Potions
 d - a potion of ambrosia
 k - 4 potions of might
 n - a potion of cancellation
 o - 8 potions of haste
 p - 2 potions of lignification
 q - a potion of invisibility
 s - 5 potions of flight
 v - 3 potions of mutation
 E - a potion of berserk rage
 N - a potion of magic
 O - 2 potions of curing
Comestibles
 b - 31 rations


   Skills:
 + Level 5.7 Fighting
 + Level 7.3 Dodging
 + Level 4.1 Stealth
 + Level 3.0 Shields
 + Level 14.9 Unarmed Combat


You had 11 spell levels left.
You didn't know any spells.
Your spell library contained the following spells:

 Spells                   Type           Power        Failure   Level  Hunger
 Beastly Appendage        Tmut           #.....       88%         1    ##.....
 Corona                   Hex            #......      88%         1    ##.....
 Magic Dart               Conj           #...         88%         1    ##.....
 Blink                    Tloc           N/A          95%         2    ###....
 Call Imp                 Summ           #.......     95%         2    ###....
 Ensorcelled Hibernation  Hex/Ice        #.....       95%         2    ###....
 Slow                     Hex            #.......     95%         2    ###....
 Sticks to Snakes         Tmut           #.......     95%         2    ###....
 Confuse                  Hex            #.......     99%         3    ####...
 Conjure Flame            Conj/Fire      #.......     99%         3    ####...
 Dazzling Spray           Conj/Hex       #.....       99%         3    ####...
 Mephitic Cloud           Conj/Pois/Air  #.......     99%         3    ####...
 Spider Form              Tmut/Pois      #.........   99%         3    ####...
 Tukima's Dance           Hex            #.......     99%         3    ####...
 Cause Fear               Hex            #.........   100%        4    #####..
 Ice Form                 Ice/Tmut       #.......     100%        4    #####..
 Blade Hands              Tmut           #.........   100%        5    ######.
 Silence                  Hex/Air        #.........   100%        5    ######.
 Yara's Violent Unravell  Hex/Tmut       #.........   100%        5    ######.
 Deflect Missiles         Chrm/Air       #.........   100%        6    #######
 Discord                  Hex            #.........   100%        8    #######


Dungeon Overview and Level Annotations

Branches:
Dungeon (10/15)            Temple (1/1) D:6            Lair (3/6) D:10
 Shoals (0/4) Lair:3        Snake (0/4) Lair:2
    Orc: D:9-12

Altars:
Ashenzari
Cheibriados
Dithmenos
Elyvilon
Fedhas
Gozag
Hepliaklqana
Kikubaaqudgha
Makhleb
Nemelex Xobeh
Okawaru
Qazlal
Ru
Sif Muna
Trog
Uskayaw
Vehumet
Wu Jian
Xom
Yredelemnul
Zin
The Shining One

Shops:
D:5 [!   D:9 [

Portals:
Trove: D:10 (give 22 scrolls of identify)

Annotations:
D:10 1 runed door
Lair:3 Snorg


Innate Abilities, Weirdness & Mutations

You are too large for most types of armour.
You have claws for hands.
Your metabolism is lightning-fast.
You like to eat raw meat.
Your natural rate of healing is unusually fast.
You are covered in fur. (AC +1)
You have very tough skin. (AC +2)
You are robust. (+10% HP)
Your muscles are strong. (Str +2)


Message History

The nine-headed hydra bites you. The nine-headed hydra bites you! x2
You start removing your armour.
You continue taking off your +0 shield.
The nine-headed hydra bites you but does no damage.
The nine-headed hydra bites you! The nine-headed hydra bites you.
The nine-headed hydra misses you. The nine-headed hydra bites you!
* * * LOW HITPOINT WARNING * * *
The nine-headed hydra barely misses you.
The nine-headed hydra bites you.
* * * LOW HITPOINT WARNING * * *
You block the nine-headed hydra's attack.
The nine-headed hydra bites you.
* * * LOW HITPOINT WARNING * * *
You continue taking off your +0 shield.
You block the nine-headed hydra's attack.
The nine-headed hydra bites you!
* * * LOW HITPOINT WARNING * * *
The nine-headed hydra bites you.
* * * LOW HITPOINT WARNING * * *
The nine-headed hydra bites you!
You die...

########## # ##...#....######
## ...
#.........##@#P#####.#...T.
##........P#.D.............
##..)......P..............P.
##...............#######.T...
#....#...........# ....
#.......#.##.....# ###
##.........#....##
#..###....P.....#
##.###....P.#..##


You could see a nine-headed hydra.

Vanquished Creatures
  Harold (D:7)
  A centaur warrior (D:10)
  An unseen horror (D:10)
  Pikel (D:9)
  A manticore (Lair:3)
  Maurice (D:8)
  2 spiny frogs (Lair:1)
  A rime drake (Lair:3)
  3 komodo dragons
  2 ice devils (Lair:1)
  A troll (D:10)
  4 hippogriffs
  5 blink frogs (Lair:3)
  18 yaks
  2 hungry ghosts
  5 water moccasins
  Edmund (D:5)
  3 porcupines
  A black bear (D:10)
  10 orc warriors
  A sky beast (D:9)
  2 phantoms
  2 ogres
  3 centaurs
  4 crocodiles
  8 wolves
  A gnoll sergeant (D:7)
  10 bullfrogs
  5 scorpions
  2 wyvern skeletons
  6 killer bees (D:9)
  4 howler monkeys
  3 bullfrog zombies
  2 crimson imps
  A quasit (D:7)
  6 hounds
  A jelly (D:8)
  4 orc priests
  15 orc wizards
  2 centaur skeletons
  3 iguanas
  7 worker ants
  A hound skeleton (D:9)
  2 worker ant zombies
  8 gnolls
  15 adders
  2 shadow imps
  2 oozes
  An adder zombie (D:9)
  2 worms
  2 adder skeletons
  A dart slug (D:1)
  5 leopard geckos
  46 orcs
  6 bats
  6 giant cockroaches
  6 goblins
  9 hobgoblins
  16 jackals
  3 quokkas
  A ball python (D:1)
  4 frilled lizards
  A giant cockroach zombie (D:5)
  2 jackal zombies
  6 kobolds
  2 leopard gecko skeletons
  6 rats
  A butterfly (Lair:3)
  2 plants (Lair:1)
314 creatures vanquished.

Vanquished Creatures (others)
  A slave (D:9)
  A sky beast (D:9)
  2 orcs (D:9)
  4 jackals (D:9)
  2 fungi
  A plant (Lair:1)
11 creatures vanquished.

Grand Total: 325 creatures vanquished

Notes
Turn   | Place    | Note
-------+----------+-------------------------------------------
     0 | D:1      | walar the Troll Monk began the quest for the Orb.
     0 | D:1      | Reached XP level 1. HP: 22/22 MP: 0/0
    19 | D:1      | Reached XP level 2. HP: 29/29 MP: 1/1
   303 | D:1      | Reached XP level 3. HP: 27/36 MP: 2/2
   914 | D:2      | Reached XP level 4. HP: 43/44 MP: 3/3
  1098 | D:2      | Reached skill level 4 in Unarmed Combat
  1218 | D:3      | Noticed a phantom
  1298 | D:3      | Killed a phantom
  1298 | D:3      | Reached XP level 5. HP: 21/53 MP: 4/4
  2055 | D:4      | Reached skill level 5 in Unarmed Combat
  2176 | D:4      | Noticed a phantom
  2206 | D:4      | Killed a phantom
  2206 | D:4      | Reached XP level 6. HP: 59/61 MP: 5/5
  2308 | D:4      | Got an iridescent dagger
  2309 | D:4      | Identified the +6 dagger "Porphisiqo" {pierce, MR+} (You
                  | found it on level 4 of the Dungeon)
  2646 | D:5      | Entered Level 5 of the Dungeon
  2764 | D:5      | Reached skill level 6 in Unarmed Combat
  2764 | D:5      | Reached XP level 7. HP: 45/67 MP: 6/6
  2837 | D:5      | Noticed Edmund
  2842 | D:5      | Killed Edmund
  2906 | D:5      | Found Befoz's Distillery.
  2909 | D:5      | Found Wyojit's Armour Emporium.
  2915 | D:5      | Bought 3 potions of mutation for 336 gold pieces
  2915 | D:5      | Gained mutation: You are robust. (+10% HP) [potion of
                  | mutation]
  2915 | D:5      | Gained mutation: Your muscles are strong. (Str +2) [potion
                  | of mutation]
  2948 | D:5      | Found a hazy altar of Hepliaklqana.
  2969 | D:5      | Found a shimmering altar of Xom.
  2969 | D:5      | Found a shimmering altar of Xom.
  2984 | D:5      | Found a shimmering altar of Xom.
  3252 | D:5      | Found a sparkling altar of Nemelex Xobeh.
  3507 | D:5      | Found a white marble altar of Elyvilon.
  3980 | D:6      | Reached skill level 7 in Unarmed Combat
  4021 | D:6      | Found an ornate altar of the Wu Jian Council.
  4089 | D:6      | Reached XP level 8. HP: 75/83 MP: 7/7
  4121 | D:6      | Reached skill level 8 in Unarmed Combat
  4182 | D:6      | Noticed a hippogriff
  4190 | D:6      | Killed a hippogriff
  4200 | D:6      | Found a staircase to the Ecumenical Temple.
  4286 | D:6      | Reached skill level 9 in Unarmed Combat
  4799 | Temple   | Entered the Ecumenical Temple
  4982 | Temple   | Became a worshipper of Makhleb the Destroyer
  4982 | Temple   | Reached * piety under Makhleb
  4982 | Temple   | Reached ** piety under Makhleb
  5212 | D:7      | Reached skill level 5 in Dodging
  5218 | D:7      | Reached XP level 9. HP: 44/92 MP: 8/8
  5387 | D:7      | Reached skill level 10 in Unarmed Combat
  5876 | D:7      | Noticed Harold
  5885 | D:7      | Killed Harold
  5885 | D:7      | Reached skill level 11 in Unarmed Combat
  5924 | D:7      | Found a basalt altar of Yredelemnul.
  6159 | D:7      | Found an iron altar of Okawaru.
  6355 | D:8      | Found Zin's Purification Station.
  6359 | D:8      | Found a glowing silver altar of Zin.
  6364 | D:8      | Bought a potion of curing for 90 gold pieces
  6408 | D:8      | Found a basalt altar of Yredelemnul.
  6417 | D:8      | Reached XP level 10. HP: 103/103 MP: 9/9
  6425 | D:8      | Reached *** piety under Makhleb
  6618 | D:8      | Noticed Maurice
  6630 | D:8      | Killed Maurice
  6630 | D:8      | Reached skill level 12 in Unarmed Combat
  6648 | D:8      | Found a stormy altar of Qazlal.
  7043 | D:9      | Found Riqofuuj's Armour Shoppe.
  7066 | D:9      | Noticed Pikel
  7074 | D:9      | Killed Pikel
  7118 | D:9      | Found a hide-covered altar of Uskayaw.
  7469 | D:9      | Reached skill level 5 in Fighting
  7589 | D:10     | Entered Level 10 of the Dungeon
  7593 | D:10     | Found a runed door.
  7652 | D:10     | Found a portal to a secret trove of treasure.
  7696 | D:10     | Noticed an unseen horror
  7704 | D:10     | Killed an unseen horror
  7704 | D:10     | Reached **** piety under Makhleb
  7715 | D:10     | Reached skill level 13 in Unarmed Combat
  7741 | D:10     | Noticed a centaur warrior
  7748 | D:10     | Killed a centaur warrior
  7748 | D:10     | Reached XP level 11. HP: 109/114 MP: 10/10
  8451 | D:10     | Found a staircase to the Lair.
  8456 | D:10     | Reached skill level 1 in Shields
  8467 | Lair:1   | Entered Level 1 of the Lair of Beasts
  8766 | Lair:1   | Reached skill level 14 in Unarmed Combat
  8947 | Lair:1   | Found a frozen archway.
  9375 | Lair:2   | Found a staircase to the Snake Pit.
 10101 | Lair:3   | Reached XP level 12. HP: 122/122 MP: 11/11
 10106 | Lair:3   | Reached ***** piety under Makhleb
 10224 | Lair:3   | Found a staircase to the Shoals.
 10467 | Lair:3   | Noticed an eight-headed hydra
 10467 | Lair:3   | Noticed Snorg
 10483 | Lair:3   | Slain by a nine-headed hydra

Skill      XL: |  1  2  3  4  5  6  7  8  9 10 11 12 |
---------------+-------------------------------------+-----
Unarmed Combat | 4 5 6 7 9 11 13 14 | 14.9
Fighting       | 3 4 5 |  5.7
Dodging        | 3 4 5 6 7 |  7.3
Stealth        | 2 3 4 |  4.1
Shields        | 2 3 |  3.0

Action                   |  1- 3 |  4- 6 |  7- 9 | 10-12 || total
-------------------------+-------+-------+-------+-------++-------
Melee: Unarmed           |    74 |   147 |   249 |   457 ||   927
       Punch             |       |     1 |    13 |     8 ||    22
  Use: Potion            |     3 |       |    10 |     3 ||    16
       Scroll            |       |     3 |    15 |     6 ||    24
 Stab: Sleeping          |     1 |     2 |     1 |     5 ||     9
       Distracted        |     1 |       |       |     4 ||     5
  Eat: Chunk             |     8 |    22 |    34 |    41 ||   105
Armor: Robe              |    28 |    35 |    64 |    80 ||   207
Dodge: Dodged            |    40 |    58 |   149 |   230 ||   477
Block: Shield            |       |       |       |   112 ||   112
